 Dungeon Crawl Stone Soup version 0.29-a0-334-gb41bcbb86e (webtiles) character file.

Game seed: 10539981879356847217

1778 Dauddaud the Cleaver (level 8, 0/64 HPs)
             Began as a Minotaur Berserker on Apr 14, 2022.
             Was a Believer of Trog.
             Succumbed to an orc wizard's poison
             ... on level 6 of the Dungeon.
             The game lasted 00:10:18 (4805 turns).

Dauddaud the Cleaver (Minotaur Berserker)           Turns: 4805, Time: 00:10:18

Health: 0/64       AC: 10    Str: 27 (28) XL:     8   Next: 81%
Magic:  7/7        EV:  8    Int:  3 (4)  God:    Trog [**....]
Gold:   351        SH:  3    Dex: 10 (13) Spells: 7/7 levels left

rFire   . . .      SeeInvis .   C - +0 war axe
rCold   . . .      Faith    .   j - +0 buckler
rNeg    . . .      Spirit   .   k - +0 chain mail
rPois   .          Reflect  .   (helmet restricted)
rElec   .          Harm     .   (no cloak)
rCorr   .          Rampage  .   (no gloves)
Will    ++...                   s - +1 pair of boots "Hugrodik" {Str+4 Dex+3}
Stlth   ..........              (no amulet)
HPRegen 1.20/turn               (no ring)
MPRegen 0.10/turn               (no ring)

@: lethally poisoned (0 -> -2), strong-willed, on berserk cooldown,
regenerating, slowed, very slow
A: horns 2, retaliatory headbutt
a: Renounce Religion, Berserk, Trog's Hand


You were on level 6 of the Dungeon.
You worshipped Trog.
Trog was pleased with you.
You visited 1 branch of the dungeon, and saw 6 of its levels.

You collected 351 gold pieces.

Inventory:

Hand Weapons
 a - a +0 hand axe
 C - a +0 war axe (weapon)
Missiles
 B - 4 atropa-tipped darts (quivered)
Armour
 b - a +0 animal skin
 e - a +0 ring mail
 g - a +1 ring mail of fire resistance
 h - a +0 scale mail
 j - a +0 buckler (worn)
 k - a +0 chain mail (worn)
 s - the +1 pair of boots "Hugrodik" (worn) {Str+4 Dex+3}
   (You found it on level 3 of the Dungeon)

   Str:       It affects your strength (+4).
   Dex:       It affects your dexterity (+3).
 x - a scarf of harm
Jewellery
 E - a ring of resist corrosion
Wands
 v - a wand of paralysis (17)
 y - a wand of acid (9)
Scrolls
 d - 6 scrolls of identify {unknown}
 f - 2 scrolls of fear {unknown}
 n - 4 scrolls of teleportation {unknown}
 p - a scroll of noise {unknown}
 r - a scroll of fog {unknown}
 t - a scroll of magic mapping {unknown}
 u - a scroll of torment {unknown}
 z - 2 scrolls of enchant armour {unknown}
 F - a scroll of holy word {unknown}
Potions
 c - 4 potions of attraction {unknown}
 i - 2 potions of degeneration
 l - 2 potions of curing {unknown}
 m - a potion of haste {unknown}
 o - 2 potions of lignification {unknown}
 q - 2 potions of flight {unknown}
 w - a potion of heal wounds {unknown}
 A - a potion of ambrosia {unknown}
 D - a potion of resistance {unknown}
 G - a potion of might {unknown}


   Skills:
 - Level 3.6 Fighting
 + Level 13.7 Axes
 - Level 2.4 Armour
 - Level 2.1 Dodging
 - Level 0.3 Stealth
 - Level 1.1 Shields


You had 7 spell levels left.
You didn't know any spells.
Your spell library was empty.

Dungeon Overview and Level Annotations

Branches:
Dungeon (6/15)
 Temple: D:4-7

Altars:
Kikubaaqudgha
Vehumet

Shops:
D:1 (   D:3 (   D:4 (


Innate Abilities, Weirdness & Mutations

You have a pair of horns on your head.
You reflexively headbutt those who attack you in melee.


Message History

You kill the orc priest!
Trog accepts your kill.
You miss something.
You feel sick. Something hits you but does no damage.
You are lethally poisoned!
You are too berserk!
* * * LOW HITPOINT WARNING * * *
You feel very sick.
You hear some strange, mumbled words.
Something tries to affect you, but you resist.
You barely miss something.
* * * LOW HITPOINT WARNING * * *
You feel very sick.
You closely miss something.
* * * LOW HITPOINT WARNING * * *
You feel very sick. Something hits you but does no damage.
You slice something!! Trog accepts your kill.
Trog appreciates your killing of a magic user.
Reactivating autopickup.
You feel a bit more experienced.
* * * LOW HITPOINT WARNING * * *
You feel sick.
There is a lethal amount of poison in your body!
* * * LOW HITPOINT WARNING * * *
You feel very sick.
You feel a strong urge to attack something.
You are no longer berserk.
You are exhausted.
You feel yourself slow down.
* * * LOW HITPOINT WARNING * * *
You feel sick.
Your skin crawls.
You feel strong-willed.
* * * LOW HITPOINT WARNING * * *
You feel very sick.
It was a potion of degeneration.
There was something very wrong with that liquid.
You feel weakened.
You feel dopey.
You feel clumsy.
You die...

########### #.........#
#.........# #####
###<....>...######
......#)..............>.
......)@#.............##
......)##.............##
......# ##########...†#
...... #######......##
..... .........<.....
..... #######.####.##
.... #.# #... ..## ###.#
###. #...# ##


There were no monsters in sight!

Vanquished Creatures
  2 water moccasins
  A sky beast (D:6)
  2 orc warriors (D:6)
  2 ogres (D:5)
  A bullfrog (D:6)
  2 phantoms
  6 scorpions
  A necrophage (D:5)
  2 orc priests
  A gnoll shaman (D:6)
  4 hounds
  4 iguanas
  2 orc wizards (D:6)
  6 adders
  A white imp (D:4)
  A worm (D:2)
  7 orcs
  8 bats
  6 endoplasms
  A giant cockroach (D:2)
  6 goblins
  8 hobgoblins
  3 jackals (D:4)
  3 quokkas
  7 ball pythons
  2 frilled lizards
  4 kobolds
  7 rats
100 creatures vanquished.

Notes
Turn   | Place    | Note
-------+----------+-------------------------------------------
     0 | D:1      | Dauddaud the Minotaur Berserker began the quest for the
                  | Orb.
     0 | D:1      | Reached XP level 1. HP: 19/19 MP: 0/0
    71 | D:1      | Found Wedob's Weapon Boutique.
   122 | D:1      | Reached skill level 4 in Axes
   306 | D:1      | Reached XP level 2. HP: 23/26 MP: 1/1
   844 | D:2      | Reached skill level 5 in Axes
   892 | D:2      | Found a faded altar of an unknown god.
   895 | D:2      | Reached XP level 3. HP: 31/31 MP: 2/2
  1140 | D:2      | Reached ** piety under Trog
  1480 | D:3      | Reached XP level 4. HP: 39/39 MP: 3/3
  1501 | D:3      | Identified the +1 pair of boots "Hugrodik" {Str+4 Dex+3}
  1504 | D:3      | Reached skill level 6 in Axes
  1529 | D:3      | Found Wiudaag's Antique Weapon Emporium.
  1661 | D:3      | Found an ancient bone altar of Kikubaaqudgha.
  2108 | D:4      | Noticed a scorpion
  2109 | D:4      | Found Alosmash's Weapon Emporium.
  2115 | D:4      | Killed a scorpion
  2116 | D:4      | Reached skill level 7 in Axes
  2116 | D:4      | Reached skill level 1 in Shields
  2116 | D:4      | Reached XP level 5. HP: 45/45 MP: 4/4
  2719 | D:4      | Found a radiant altar of Vehumet.
  2728 | D:4      | Reached skill level 8 in Axes
  2728 | D:4      | Reached XP level 6. HP: 38/51 MP: 5/5
  2886 | D:5      | Entered Level 5 of the Dungeon
  3006 | D:5      | Reached skill level 9 in Axes
  3112 | D:5      | Reached XP level 7. HP: 56/57 MP: 6/6
  3229 | D:5      | Reached skill level 10 in Axes
  3762 | D:5      | Reached skill level 11 in Axes
  3990 | D:5      | Reached XP level 8. HP: 58/64 MP: 7/7
  4267 | D:6      | Reached skill level 12 in Axes
  4689 | D:6      | Reached skill level 13 in Axes
  4803 | D:6      | HP: 3/64 [poisoned by an orc wizard]
  4804 | D:6      | HP: 1/64 [poisoned by an orc wizard]
  4805 | D:6      | Succumbed to an orc wizard's poison

Illustrated notes

Levels and vault maps discovered:
D:1:      onia_arrival_pentagram, layout_basic, serial_shops,
          nicolae_shop_bloodbath_and_beyond
D:2:      layout_rooms, shapermc_ecumenical_altar_pompeii
D:3:      layout_rooms, kiku_gazebo_pond_becter, serial_shops, shop_statue
D:4:      cheibrodos_pilgrimage, layout_loops_ring, lemuel_round_altar,
          serial_shops, nicolae_square_shop
D:5:      layout_basic
D:6:      layout_rooms, kennysheep_opposing_triangles

Skill      XL: |  1  2  3  4  5  6  7  8 |
---------------+-------------------------+-----
Axes           | 4 5 7 8 9 11 13 | 13.7
Shields        | 1 |  1.1
Fighting       | |  3.6
Armour         | |  2.4
Dodging        | |  2.1
Stealth        | |  0.3

Action                   |  1- 3 |  4- 6 |  7- 9 || total
-------------------------+-------+-------+-------++-------
Melee: Hand axe          |    87 |    59 |    30 ||   176
       Headbutt          |     9 |    13 |    20 ||    42
       War axe           |       |       |    74 ||    74
Invok: Berserk           |       |     2 |     4 ||     6
       Trog's Hand       |       |     1 |     2 ||     3
  Use: Potion            |       |       |     1 ||     1
Armor: Ring mail         |     6 |       |       ||     6
       Chain mail        |    27 |    25 |    54 ||   106
Dodge: Dodged            |    28 |    20 |    22 ||    70
Block: Buckler           |     7 |    13 |    15 ||    35

Table legend: (Time is in decaauts)
 A = Elapsed time spent in this place.
 B = Non-inter-level travel time spent in this place.
 C = Inter-level travel time spent in this place.
 D = Time resting spent in this place.
 E = Time spent auto-exploring this place.
 F = Levels seen in this place.
 G = Mean time per level.
                   A        B        C        D        E       F      G
               +--------+--------+--------+--------+--------+-----+--------+
         Total |   4845 |   4674 |    171 |    720 |   3330 |   6 |  807.5 |
       Dungeon |   4845 |   4674 |    171 |    720 |   3330 |   6 |  807.5 |
               +--------+--------+--------+--------+--------+-----+--------+

Top non-repeatable levels by time:
     D:5: 1278 daAuts
     D:4: 1142 daAuts
     D:1: 797 daAuts
     D:6: 649 daAuts
     D:2: 496 daAuts
     D:3: 482 daAuts
